 Dungeon Crawl Stone Soup version 0.15-a0-217-g70ad64b (webtiles) character file.

2715 PolkaDot the Spear-Bearer (level 9, 0/68 HPs)
             Began as a Vampire Death Knight on Apr 24, 2014.
             Was a Priest of Yredelemnul.
             Killed by divine providence
             ... invoked by an orc priest
              (13 damage)
             ... on Level 8 of the Dungeon.
             The game lasted 00:30:15 (8100 turns).

PolkaDot the Spear-Bearer (Vampire Death Knight)    Turns: 8100, Time: 00:30:15

HP   0/68        AC  4     Str 12      XL: 9   Next: 22%
MP  12/12        EV 13     Int 13      God: Yredelemnul [***...]
Gold 328         SH  0     Dex 16      Spells:  0 memorised,  8 levels left

rFire  . . .     SeeInvis +     n - +2,+1 halberd
rCold  . . .     Clarity  +     b - +0 leather armour
rNeg   + . .     Conserve .     (no shield)
rPois  +         rCorr    .     (no helmet)
rElec  .         rRot     .     (no cloak)
SustAb + .       Spirit   .     k - +0 pair of gloves
rMut   .         Warding  .     (no boots)
Saprov . . .     Stasis   .     a - cursed amulet of clarity
MR     .....                    l - cursed ring of sustain abilities {unknown}
                                g - ring of poison resistance

@: very slightly contaminated, hasted, very quick, not resistant to hostile
enchantments, unstealthy
A: bottle blood, fangs 3, see invisible, unbreathing
a: Bat Form, Bottle Blood, Animate Dead, Recall Undead Slaves, Injury Mirror,
Renounce Religion


You were on level 8 of the Dungeon.
You worshipped Yredelemnul.
Yredelemnul was most pleased with you.
You were not thirsty.

You visited 1 branch of the dungeon, and saw 8 of its levels.

You collected 328 gold pieces.

Inventory:

Hand weapons
 n - a +2,+1 halberd (weapon)
Armour
 b - a +0 leather armour (worn)
 k - a +0 pair of gloves (worn)
Magical devices
 q - a wand of fireball (6)
 y - a wand of draining (9)
Scrolls
 c - a scroll of remove curse
 e - a scroll of enchant weapon I {unknown}
 i - 2 scrolls of enchant armour {unknown}
 o - a scroll of teleportation
 r - a scroll of recharging {unknown}
 z - 3 scrolls of immolation {unknown}
Jewellery
 a - a cursed amulet of clarity (around neck)
 g - a ring of poison resistance (left hand)
 j - an uncursed amulet of resist mutation
 l - a cursed ring of sustain abilities (right hand) {unknown}
Potions
 d - a potion of flight
 m - 2 potions of restore abilities
 p - a potion of agility
 s - 2 potions of magic {unknown}
 t - 2 potions of beneficial mutation {unknown}
 u - a potion of might {unknown}
 v - a potion of brilliance {unknown}
Books
 f - a book of Clouds

   Spells                             Type                      Level
   Mephitic Cloud                     Conjuration/Poison/Air       3
   Conjure Flame                      Conjuration/Fire             3
   Poisonous Cloud                    Conjuration/Poison/Air       6
   Freezing Cloud                     Conjuration/Ice/Air          6
   Ring of Flames                     Charms/Fire                  7


   Skills:
 - Level 5.4 Fighting
 * Level 9.5 Polearms
 - Level 0.7 Armour
 + Level 4.7 Dodging
 - Level 2.4 Invocations


You had 8 spell levels left.
You didn't know any spells.

Dungeon Overview and Level Annotations

Branches:
Dungeon (8/15)             Temple (0/1) D:4            Lair (0/8) D:8

Altars:
Ashenzari
Cheibriados
Makhleb
Nemelex Xobeh
Trog
Xom


Innate Abilities, Weirdness & Mutations

You can bottle blood from corpses.
You have razor-sharp teeth.*
You have supernaturally acute eyesight.
You can survive without breathing.*


Message History

The orc priest calls down the wrath of Beogh upon you.
Something smites you!
* * * LOW HITPOINT WARNING * * *
The orc priest's eyes start to glow.
Drink which item? (? for menu, Esc to quit)
You feel yourself speed up. The warg bites you!
* * * LOW HITPOINT WARNING * * *
You are very lightly contaminated with residual magic.
Drink which item? (? for menu, Esc to quit)
Okay, then.
Read which item? (? for menu, Esc to quit)
As you read the scroll of fear, it crumbles to dust.
You assume a fearsome visage.
The orc priest looks frightened!
The warg looks frightened!
The orc looks frightened!
The orc warrior looks frightened!
The orc priest resists.
The orc looks frightened!
The warg looks frightened!
The orc priest invokes the aid of Beogh against you.
Something smites you!
You die...
Yredelemnul claims you as an undead slave.

.#.#.#....#.#.# #......#...###
...#.#....#.#.######......#...#
##.#.#....#...............# . #
.Z...#....#.#....####.....#
##.###......#....# #.....# #.#
#...##.#....# ####### #.#
#...........# #.# #.#.##.#.##.#
#.# #.#.##+#.##@#
##.###.#......##.#
.......#......##.########
##.............oh........
##...#.......##o########
#...#.########o# #...#.#
#o%o....... #...#.. +.o.......
#...#.. ..........


You could see a warg (fleeing), an orc warrior (fleeing), 3 orc priests and 2
orcs.

Vanquished Creatures
  2 centaurs
  Menkaure (D:7)
  A water moccasin (D:6)
  2 orc warriors (D:6)
  2 ogres
  A phantom (D:6)
  8 crimson imps
  2 hounds
  An orc priest (D:5)
  3 wights
  A worker ant (D:7)
  5 orc wizards
  Jessica (D:3)
  A worker ant zombie (D:6)
  4 gnolls
  4 adders
  A worm (D:3)
  An adder skeleton (D:5)
  An iguana skeleton (D:5)
  4 giant geckos
  19 orcs
  10 bats
  4 giant cockroaches
  9 goblins
  8 hobgoblins
  10 jackals
  7 kobolds
  3 quokkas
  3 ball pythons
  3 giant newts (D:1)
  A giant spore (D:8)
  A hobgoblin skeleton (D:4)
  14 rats
  A rat skeleton (D:5)
  2 ballistomycetes (D:8)
141 creatures vanquished.

Vanquished Creatures (collateral kills)
  Pikel (D:7)
  A hippogriff (D:8)
  A giant goldfish (D:6)
  A phantom (D:6)
  An orc warrior (D:8)
  A giant frog (D:6)
  An electric eel (D:6)
  A jelly (D:8)
  A worker ant (D:4)
  2 gnolls
  A worm (D:3)
  An orc (D:8)
  2 bats
  A giant cockroach (D:2)
  A goblin (D:2)
  3 hobgoblins
  A jackal (D:6)
  2 rats
23 creatures vanquished.

Vanquished Creatures (others)
  2 flying skulls (D:8)
  A water moccasin zombie (D:6)
  A hippogriff zombie (D:8)
  A hound zombie (D:5)
  A worker ant zombie (D:4)
  A gnoll (D:7)
  A giant mite (D:7)
  A bat zombie (D:2)
  A ball python skeleton (D:3)
  A ball python zombie (D:4)
  A giant cockroach zombie (D:4)
  A goblin zombie (D:4)
  A hobgoblin skeleton (D:4)
  A jackal skeleton (D:7)
  A kobold zombie (D:3)
  An orc skeleton (D:8)
  2 orc zombies
  3 rat zombies
22 creatures vanquished.

Grand Total: 186 creatures vanquished

Notes
Turn   | Place    | Note
--------------------------------------------------------------
     0 | D:1      | PolkaDot, the Vampire Death Knight, began the quest for the Orb.
     0 | D:1      | Reached XP level 1. HP: 16/16 MP: 1/1
   145 | D:1      | Reached XP level 2. HP: 16/22 MP: 2/2
   352 | D:1      | Found a sparkling altar of Nemelex Xobeh.
   592 | D:2      | Reached XP level 3. HP: 27/27 MP: 4/4
   601 | D:2      | Reached skill level 3 in Polearms
   732 | D:2      | Reached XP level 4. HP: 30/33 MP: 5/5
   797 | D:2      | Acquired Yredelemnul's second power
   994 | D:2      | You fall through a shaft!
  1318 | D:3      | Reached skill level 4 in Polearms
  1395 | D:3      | Reached XP level 5. HP: 31/38 MP: 6/6
  1776 | D:3      | Noticed Jessica
  1783 | D:3      | Killed Jessica
  2146 | D:4      | Got a slimy lajatang
  2161 | D:4      | Found a staircase to the Ecumenical Temple.
  2306 | D:4      | Identified the cursed +2,+2 lajatang "Khiojoats" {venom, MR+} (You found it on level 4 of the Dungeon)
  2884 | D:4      | Reached XP level 6. HP: 39/44 MP: 6/8
  2904 | D:4      | Reached skill level 5 in Polearms
  4162 | D:5      | Entered Level 5 of the Dungeon
  4563 | D:5      | Found a shimmering altar of Xom.
  4578 | D:5      | Reached XP level 7. HP: 46/51 MP: 9/9
  4702 | D:5      | Acquired Yredelemnul's third power
  4734 | D:5      | Reached skill level 6 in Polearms
  5346 | D:6      | Reached skill level 7 in Polearms
  5465 | D:6      | Reached XP level 8. HP: 32/60 MP: 10/10
  5723 | D:6      | Reached skill level 8 in Polearms
  6476 | D:7      | Noticed Menkaure
  6488 | D:7      | Killed Menkaure
  6542 | D:7      | Reached skill level 5 in Fighting
  6707 | D:7      | Noticed Pikel
  6724 | D:7      | Killed Pikel
  6724 | D:7      | Reached skill level 9 in Polearms
  6724 | D:7      | Reached XP level 9. HP: 28/68 MP: 12/12
  7017 | D:7      | Found a snail-covered altar of Cheibriados.
  7110 | D:7      | Received a gift from Yredelemnul
  7301 | D:7      | Found a burning altar of Makhleb.
  7313 | D:7      | Found a shattered altar of Ashenzari.
  7319 | D:7      | Found a bloodstained altar of Trog.
  8078 | D:8      | Found a staircase to the Lair.
  8100 | D:8      | Killed from afar by an orc priest

Action                   |  1- 3 |  4- 6 |  7- 9 || total
-------------------------+-------+-------+-------++-------
Melee: Spear             |    89 |   235 |       ||   324
       Lajatang          |       |     1 |       ||     1
       Halberd           |       |    63 |   251 ||   314
Invok: Animate Remains   |     5 |    21 |       ||    26
       Recall Undead Sla |       |     2 |     2 ||     4
       Animate Dead      |       |       |     9 ||     9
       Injury Mirror     |       |       |     1 ||     1
Evoke: Wand              |       |       |     1 ||     1
  Use: Potion            |     2 |     3 |     5 ||    10
       Scroll            |       |     9 |     5 ||    14
 Stab: Distracted        |     2 |     2 |     2 ||     6
       Sleeping          |       |     1 |     1 ||     2
       Invisible         |       |     3 |       ||     3
